 Dungeon Crawl Stone Soup version 0.21-a0-91-ga5031da (webtiles) character file.

210 Lavandula the Bolt Thrower (level 5, -2/41 HPs)
             Began as a Mummy Arcane Marksman on June 30, 2017.
             Was an Initiate of Ashenzari.
             Slain by an iguana (12 damage)
             ... on level 4 of the Dungeon.
             The game lasted 00:09:33 (2121 turns).

Lavandula the Bolt Thrower (Mummy Arcane Marksman)  Turns: 2121, Time: 00:09:34

Health: -2/41      AC:  4    Str: 13    XL:     5   Next: 56%
Magic:  7/7        EV: 12    Int: 12    God:    Ashenzari [......]
Gold:   96         SH:  0    Dex: 14    Spells: 3/6 levels left

rFire    x . .     SeeInvis .   n - +3 flail
rCold    + . .     Gourm    .   (no shield)
rNeg     + + +     Faith    .   e - +0 robe
rPois    ∞         Spirit   .   l - +0 helmet
rElec    .         Reflect  .   (no cloak)
rCorr    .         Harm     .   m - +0 pair of gloves
MR       .....                  (no boots)
Stlth    +.........             (no amulet)
HPRegen  0.13/turn              (no ring)
MPRegen  0.10/turn              (no ring)

@: no status effects
A: no food or potions, fire vulnerability, cold resistance 1, negative energy
resistance 3, torment resistance, unbreathing
a: Curse Item, Renounce Religion


You were on level 4 of the Dungeon.
You worshipped Ashenzari.
Ashenzari was noncommittal.
You were not hungry.

You visited 1 branch of the dungeon, and saw 4 of its levels.

You collected 96 gold pieces.

Inventory:

Hand Weapons
 a - a +0 hand crossbow
 b - a +0 dagger
 j - a +0 hunting sling
 n - a +3 flail (weapon)
Missiles
 p - 16 sling bullets
Armour
 e - a +0 robe (worn)
 l - a +0 helmet (worn)
 m - a +0 pair of gloves (worn)
Scrolls
 f - 3 scrolls of magic mapping
 g - a scroll of random uselessness
 h - a scroll of teleportation {unknown}
 i - a scroll of recharging
 k - 3 scrolls of remove curse
 o - a scroll of amnesia {unknown}
Books
 c - a book of Debilitation

   Spells                             Type                      Level
   a - Corona                         Hexes                        1
   b - Slow                           Hexes                        2
   c - Inner Flame                    Hexes/Fire                   3
   d - Portal Projectile              Hexes/Translocation          3
   e - Cause Fear                     Hexes                        4
   f - Leda's Liquefaction            Hexes/Earth                  4


   Skills:
 + Level 3.0 Fighting
 - Level 0.8 Short Blades
 - Level 3.4 Crossbows
 - Level 1.7 Dodging
 - Level 1.3 Spellcasting
 - Level 3.3 Hexes


You had 3 spell levels left.
You knew the following spells:

 Your Spells              Type           Power        Failure   Level  Hunger
a - Corona                Hex            #......      8%          1    N/A
b - Slow                  Hex            #.......     12%         2    N/A

Dungeon Overview and Level Annotations

Branches:
Dungeon (4/15)
 Temple: D:4-7

Altars:
Ashenzari

Annotations:
D:2 Natasha


Innate Abilities, Weirdness & Mutations

You do not eat or drink.
Your flesh is vulnerable to fire.
You are immune to poison.
Your flesh is cold resistant. (rC+)
You are immune to negative energy. (rN+++)
You are immune to unholy pain and torment.
You can survive without breathing.


Message History

Wield which item (- for none, * to show all)? (? for menu, Esc to quit)
n - a +3 flail (weapon)
The iguana bites you!
You hit the iguana.
The iguana is almost dead.
The iguana closely misses you.
You barely miss the iguana.
The iguana is almost dead.
The iguana bites you.
The iguana hisses menacingly.
The iguana completely misses you.
You are too injured to fight recklessly!
You barely miss the iguana.
The iguana is almost dead.
The iguana bites you!
* * * LOW HITPOINT WARNING * * *
You barely miss the iguana.
The iguana is almost dead.
The iguana bites you!
You die...

... #.# #.# #.#. #.# ..
## #.#.### #.# . # .##
#.# ..# #.# . ># ..##
##.###.# #.# .#.##
...####...##.###.###....#
...'............@........
...####...##.###.l......#
..## ##.###.# ##......#
.## ######.# #.#(...# ##
#......# #......# ####
#.###### #......(# ...#
#.# ......... ##.# #.#
#......(# ##.####.#
#...... #


You could see an iguana.

Vanquished Creatures
  2 orc priests (D:3)
  Natasha (D:2)
  Robin (D:3)
  5 adders
  2 worms
  2 dart slugs
  A leopard gecko (D:2)
  6 orcs
  A ball python (D:2)
  3 giant cockroaches (D:2)
  11 goblins
  6 hobgoblins
  3 jackals (D:2)
  A kobold (D:2)
  2 quokkas
  A bat (D:3)
  2 frilled lizards
  5 rats
55 creatures vanquished.

Notes
Turn   | Place    | Note
-------+----------+-------------------------------------------
     0 | D:1      | Lavandula the Mummy Arcane Marksman began the quest for the Orb.
     0 | D:1      | Reached XP level 1. HP: 15/15 MP: 2/2
    34 | D:1      | Found a shattered altar of Ashenzari.
    93 | D:1      | Became a worshipper of Ashenzari the Shackled
   134 | D:2      | Noticed Natasha
   137 | D:2      | Killed Natasha
   137 | D:2      | Reached XP level 2. HP: 8/21 MP: 4/4
   143 | D:2      | Learned a level 2 spell: Slow
   358 | D:2      | Reached XP level 3. HP: 26/26 MP: 5/5
   710 | D:2      | Reached XP level 4. HP: 31/32 MP: 6/6
  1002 | D:3      | Noticed Robin
  1025 | D:3      | Killed Robin
  1043 | D:2      | Noticed Natasha
  1635 | D:3      | Reached XP level 5. HP: 14/38 MP: 7/7
  2121 | D:4      | Slain by an iguana

Vault maps used:
D:1:      minmay_arrival_three_doors, nicolae_ashenzari_panopticon
D:2:      tso_metal_star, first_bread, uniq_natasha
D:3:      kennysheep_generic_room_2, uniq_robin
D:4:      nicolae_overflow_hidden_temple, uniq_edmund

Skill      XL: |  1  2  3  4  5 |
---------------+----------------+-----
Crossbows      | 2 3 |  3.4
Hexes          | 3 |  3.3
Fighting       | 2 3 |  3.0
Short Blades   | |  0.8
Dodging        | |  1.7
Spellcasting   | |  1.3

Action                   |  1- 3 |  4- 6 || total
-------------------------+-------+-------++-------
Melee: Dagger            |    13 |    45 ||    58
       Flail             |       |    32 ||    32
 Fire: Hand crossbow     |    26 |    70 ||    96
 Cast: Corona            |     6 |     9 ||    15
       Slow              |       |     1 ||     1
  Use: Scroll            |       |     3 ||     3
Armor: Robe              |     2 |    22 ||    24
Dodge: Dodged            |    16 |    84 ||   100
